 Dungeon Crawl Stone Soup version 0.30.0-17-ge0270778cf (webtiles) character file.

Game seed: 12631998099364291820

507 Kenran the Slasher (level 7, 0/52 HPs)
             Began as a Formicid Fighter on May 21, 2023.
             Shot with a bolt by an orc warrior (14 damage)
             ... on level 6 of the Dungeon.
             The game lasted 00:04:29 (1885 turns).

Kenran the Slasher (Formicid Fighter)               Turns: 1885, Time: 00:04:29

Health: 0/52       AC:  8    Str: 20    XL:     7   Next: 42%
Magic:  7/7        EV:  9    Int:  8    God:
Gold:   158        SH:  5    Dex: 15    Spells: 6/6 levels left

rFire   . . .        a - +0 long sword
rCold   . . .        c - +0 buckler
rNeg    . . .        b - +0 scale mail
rPois   .            (helmet unavailable)
rElec   .            m - scarf {shadows}
rCorr   .            (no gloves)
SInv    +            g - +0 pair of boots
Will    .....        (no amulet) Stlth
                     (no ring)
HPRegen 0.28/turn    (no ring)
MPRegen 0.10/turn

%: no passive effects
@: brilliant
A: permanent stasis, dig shafts and tunnels, antennae 3, four strong arms
a: Dig, Shaft Self


You were on level 6 of the Dungeon.
You visited 1 branch of the dungeon, and saw 4 of its levels.

You collected 158 gold pieces.

Inventory:

Hand Weapons
 a - a +0 long sword (weapon)
Armour
 b - a +0 scale mail (worn)
 c - a +0 buckler (worn)
 g - a +0 pair of boots (worn)
 m - a scarf of shadows (worn)
 s - a +2 kite shield
Jewellery
 k - a ring of wizardry
Scrolls
 d - a scroll of identify {unknown}
 e - 3 scrolls of vulnerability {unknown}
 i - a scroll of magic mapping {unknown}
 j - a scroll of butterflies {unknown}
 o - a scroll of silence {unknown}
 r - a scroll of teleportation {unknown}
Potions
 f - 2 potions of flight


   Skills:
 - Level 3.2 Fighting
 + Level 7.6 Long Blades
 - Level 3.2 Armour
 - Level 4.0 Shields


You had 6 spell levels left.
You didn't know any spells.
Your spell library was empty.

Dungeon Overview and Level Annotations

Branches:
Dungeon (3/15)

Altars:

Shops:
D:2 [

Annotations:
D:6 1 runed translucent door


Innate Abilities, Weirdness & Mutations

You cannot be hasted, slowed, berserked, paralysed or teleported.
You can dig through walls and to a lower floor.
You have a pair of large antennae on your head. (SInv)
Your four strong arms can wield two-handed weapons with a shield.


Message History

Grinder is almost dead.
Grinder closely misses you. The orc hits you with a +0 falchion.
You closely miss Grinder.
Grinder is almost dead.
You block Grinder's attack. The orc hits you with a +0 falchion.
You hit Grinder but do no damage.
Grinder is almost dead.
Grinder gestures at you.
You struggle to resist.
You block the orc's attack.
You hit Grinder.
Grinder is almost dead.
Grinder says, "Mostly I couldn't keep them alive."
Grinder hits you.
You writhe in agony.
The orc hits you with a +0 falchion.
You hit Grinder.
Grinder is almost dead.
Grinder hits you.
You writhe in agony.
The orc barely misses you.
You barely miss Grinder.
Grinder is almost dead.
Grinder hits you!
You writhe in agony.
* * * LOW HITPOINT WARNING * * *
The orc hits you but does no damage.
You feel better. You block Grinder's attack. The orc barely misses you.
You hit Grinder but do no damage.
Grinder is almost dead.
Grinder hits you.
You writhe in agony.
* * * LOW HITPOINT WARNING * * *
The orc hits you with a +0 falchion.
* * * LOW HITPOINT WARNING * * *
You barely miss Grinder.
Grinder is almost dead.
Grinder hits you but does no damage. The orc hits you but does no damage.
Grinder hits you but does no damage.
You slash Grinder!
You kill Grinder!
Your Long Blades skill increases to level 7!
You have reached level 7!
The orc warrior shoots a bolt.
The bolt hits you but does no damage.
Found a large gilded ring.
The orc warrior shoots a bolt.
The bolt hits you!
You die...

#.#### #.......#
#.# #.......#
####.###
#.......#
#......#
#.......#
#.##.#.#
#.......#
#.##.#.#
#.##...#
#.###..#########
#.###..#.@....=#
#......#.#####.#
#####.##.##....
#.{o....#
####.#### #...
#####


You could see an orc warrior.

Vanquished Creatures
  Grinder (D:6)
  Sigmund (D:2)
  An orc wizard (D:6)
  6 adders (D:2)
  An ufetubus (D:6)
  A dart slug (D:2)
  2 orcs (D:3)
  7 ball pythons
  7 bats
  6 endoplasms
  8 goblins
  7 hobgoblins
  3 quokkas
  4 frilled lizards
  4 kobolds
  5 rats
64 creatures vanquished.

Notes
Turn   | Place    | Note
-------+----------+-------------------------------------------
     0 | D:1      | Kenran the Formicid Fighter began the quest for the Orb.
     0 | D:1      | Reached XP level 1. HP: 18/18 MP: 1/1
    61 | D:1      | Reached XP level 2. HP: 24/24 MP: 2/2
   142 | D:1      | Reached skill level 3 in Long Blades
   215 | D:1      | Reached XP level 3. HP: 29/29 MP: 3/3
   586 | D:1      | Found a faded altar of an unknown god.
   766 | D:2      | Reached skill level 4 in Long Blades
   766 | D:2      | Reached XP level 4. HP: 35/35 MP: 4/4
  1030 | D:2      | Found Xobaenn's Antique Armour Shop.
  1082 | D:2      | Reached XP level 5. HP: 41/41 MP: 5/5
  1170 | D:2      | Noticed Sigmund
  1176 | D:2      | Killed Sigmund
  1177 | D:2      | Reached skill level 6 in Long Blades
  1177 | D:2      | Reached XP level 6. HP: 40/47 MP: 6/6
  1707 | D:3      | You fall into a shaft and drop 3 floors!
  1737 | D:6      | Noticed an orc warrior
  1774 | D:6      | Found a runed translucent door.
  1842 | D:6      | Noticed Grinder
  1882 | D:6      | Killed Grinder
  1883 | D:6      | Reached skill level 7 in Long Blades
  1883 | D:6      | Reached XP level 7. HP: 13/52 MP: 7/7
  1885 | D:6      | Shot with a bolt by an orc warrior

Illustrated notes

Levels and vault maps discovered:
D:1:      lightli_arrival_chessboard, layout_basic, basic_ecumenical_altar,
          minmay_ruptured
D:2:      layout_loops_ring, serial_shops, shop,
          minmay_randomly_rotated_circles, uniq_sigmund
D:3:      layout_loops_cross, mainiacjoe_overflow_concentric_impassable,
          elyvilon_altar_5, guppyfry_early_orc_mine
D:6:      layout_loops_cross, ebering_ghost_reflecting_pool,
          uniq_crazy_yiuf_cottage, uniq_grinder

Skill      XL: |  1  2  3  4  5  6 |
---------------+-------------------+-----
Long Blades    | 3 4 6 7 |  7.6
Fighting       | |  3.2
Armour         | |  3.2
Shields        | |  4.0

Action                     |  1- 3 |  4- 6 |  7- 9 || total
---------------------------+-------+-------+-------++-------
  Melee: Long sword        |    76 |   115 |       ||   191
    Use: Potion            |       |     8 |       ||     8
 Armour: Scale mail        |    48 |    71 |     1 ||   120
         Skin              |       |    35 |       ||    35
  Dodge: Dodged            |    45 |    59 |       ||   104
  Block: Buckler           |    26 |    35 |       ||    61
